 Seeded DCSS version 0.32-a0-473-gd044c6f0f0 (webtiles) character file.

Game seed: 6970636214409944 (custom seed)

1373 timneilson the Changeling (level 8, -3/54 HPs)
             Began as an Octopode Shapeshifter on Feb 25, 2024.
             Was an Initiate of Gozag.
             Slain by a sky beast (5 damage)
             ... on level 6 of the Dungeon.
             The game lasted 00:07:39 (5689 turns).

timneilson the Changeling (Octopode Shapeshifter)   Turns: 5689, Time: 00:07:40

Health: -3/54      AC:  1    Str: 15    XL:     8   Next: 66%
Magic:  8/8        EV: 19    Int: 13    God:    Gozag
Gold:   314        SH:  0    Dex: 11    Spells: 7/7 levels left

rFire   . .          .
                       - Unarmed
rCold   . . .        (no shield)
rNeg    . . .        (helmet currently unavailable)
rPois   .            (no amulet)
rElec   .            q - +5 ring of evasion
rCorr   .            (no ring)
SInv    .            (no ring)
Will    .....        (no ring)
Stlth   +++          (no ring)
HPRegen 0.29/turn    (no ring)
MPRegen 0.11/turn    (no ring)
                     (no ring)

%: no passive effects
@: beast-form, studying Shapeshifting
A: beast (slay +3), almost no armour, amphibious, 8 rings, camouflage 1,
gelatinous body 1, (nimble swimmer 1), tentacles
a: Begin Untransformation, Renounce Religion, Potion Petition, Call Merchant,
Bribe Branch


You were on level 6 of the Dungeon.
You worshipped Gozag.
Gozag was aware of your devotion.
You were a hulking beast.
You visited 2 branches of the dungeon, and saw 7 of its levels.

You collected 391 gold pieces.
You paid 77 gold pieces to Gozag.

Inventory:

Jewellery
 q - a +5 ring of evasion (left tentacle)
Talismans
 b - a beast talisman (active)
 c - a flux talisman
Wands
 e - a wand of flame (9)
 l - a wand of polymorph (11)
 o - a wand of charming (9)
Scrolls
 d - 6 scrolls of identify
 g - 2 scrolls of blinking
 n - a scroll of immolation
 r - a scroll of fog {unknown}
Potions
 a - a potion of lignification
 f - a potion of enlightenment
 h - 2 potions of magic
 i - a potion of heal wounds {unknown}
 j - a potion of attraction
 k - a potion of mutation
 p - 3 potions of cancellation


   Skills:
 * Level 4.6 Fighting
 * Level 4.9 Dodging
 + Level 4.2 Stealth
 * Level 5.5 Unarmed Combat
 + Level 3.0 Evocations
 * Level 6.8 Shapeshifting


You had 7 spell levels left.
You didn't know any spells.
Your spell library contained the following spells:

 Spells                   Type           Power      Damage    Failure   Level
 Cigotuvi's Dreadful Rot  Necr/Alch/Air  0%         N/A       43%         2
 Fugue of the Fallen      Necr           0%         N/A       67%         3
 Ozocubu's Armour         Ice            0%         N/A       67%         3
 Ignite Poison            Fire/Alch      0%         N/A       97%         4
 Manifold Assault         Tloc           0%         N/A       97%         4
 Freezing Cloud           Conj/Ice/Air   0%         6-21      100%        5


Dungeon Overview and Level Annotations

Branches:
Dungeon (6/15)             Temple (1/1) D:5

Altars:
Ashenzari
Cheibriados
Dithmenos
Elyvilon
Fedhas
Gozag
Makhleb
Nemelex Xobeh
Okawaru
Qazlal
Ru
Sif Muna
Trog
Uskayaw
Vehumet
Wu Jian
Xom
Zin
The Shining One

Shops:
D:4 (

Annotations:
D:5 3 runed translucent doors, cforsyth's ghost, novice CoGl


Innate Abilities, Weirdness & Mutations

You are a hulking beast.
Your limbs bulge with bestial killing power. (Slay +3)
You cannot wear most types of armour.
You are amphibious.
You can wear up to eight rings at the same time.
Your skin changes colour to match your surroundings (Stealth+).
Your rubbery body absorbs attacks. (AC +1, EV +1)
((You are camouflaged when in or above water. (Stealth+)))
You have tentacles for arms and can constrict up to eight enemies at once.


Message History

A sky beast appears from thin air!
Reactivating autopickup.
The sky beast flickers out of sight!
Deactivating autopickup; reactivate with Ctrl-A.
You see here a scroll labelled KIOHAT YLAKK.
Something hits you. Something shocks you.
You see here a +6 ring of dexterity.
You miss something. Something hits you. Something shocks you.
You barely miss something. Your squeeze misses something. Something hits you.
Something shocks you.
You tentacle-slap something but do no damage.
Your squeeze misses something. Something hits you. Something shocks you.
You tentacle-slap something. Something hits you. Something shocks you.
* * * LOW HITPOINT WARNING * * *
You bludgeon something! Your squeeze misses something.
Something barely misses you.
You bludgeon something! Your squeeze misses something. Something hits you.
* * * LOW HITPOINT WARNING * * *
Something shocks you.
* * * LOW HITPOINT WARNING * * *
You closely miss something.
You feel better. Something hits you.
* * * LOW HITPOINT WARNING * * *
Something shocks you.
* * * LOW HITPOINT WARNING * * *
You feel better. Something hits you.
* * * LOW HITPOINT WARNING * * *
Something shocks you.
* * * LOW HITPOINT WARNING * * *
You feel better. Something barely misses you.
You miss something.
Your tentacle-slap misses something.
You squeeze something. Something hits you.
* * * LOW HITPOINT WARNING * * *
Something shocks you.
* * * LOW HITPOINT WARNING * * *
You tentacle-slap something. Something hits you.
* * * LOW HITPOINT WARNING * * *
Something shocks you.
You die...
Your body crumbles into a pile of gold.

#### ...######
##......##### ###
##.......#.. ..#
.#..###..#.# #.#
......#..#.#####.#
....#.........##.#
##..###..#.##.##?#
#.......#......h#
##......#......{#
#########.#.##.#
####### #...##.#
#.....# #..###.#
##....<# #..# #.#
.......# #.. ..#
.#.....# ##. ###
##.....#


There were no monsters in sight!

Vanquished Creatures
  Grinder (D:5)
  Duvessa (D:5)
  2 ice beasts (D:5)
  2 sky beasts
  A centaur (D:6)
  2 scorpions
  Dowan (D:5)
  A bombardier beetle (D:4)
  5 hounds
  2 jellies (D:5)
  A sleepcap (D:5)
  Terence (D:2)
  An orc wizard (D:6)
  An iguana (D:5)
  3 adders
  A shadow imp (D:5)
  2 white imps (D:5)
  4 ribbon worms
  4 dart slugs
  10 orcs
  4 bats
  4 endoplasms
  A giant cockroach (D:2)
  2 goblins (D:4)
  6 hobgoblins
  3 jackals (D:3)
  3 quokkas
  4 ball pythons
  5 frilled lizards
  2 kobolds (D:2)
  4 rats
84 creatures vanquished.

Notes
Turn   | Place    | Note
-------+----------+-------------------------------------------
     0 | D:1      | timneilson the Octopode Shapeshifter began the quest for
                  | the Orb.
     0 | D:1      | Reached XP level 1. HP: 13/13 MP: 1/1
   204 | D:1      | Reached XP level 2. HP: 18/18 MP: 2/2
   473 | D:1      | You fall into a shaft and drop 1 floor!
   724 | D:1      | Identified a scroll of acquirement
   724 | D:1      | Acquired a manual of Shapeshifting
   949 | D:2      | Reached XP level 3. HP: 19/23 MP: 3/3
   986 | D:2      | Reached skill level 1 in Stealth
  1059 | D:2      | Noticed Terence
  1077 | D:2      | Killed Terence
  1279 | D:2      | Reached XP level 4. HP: 29/29 MP: 4/4
  1990 | D:3      | Identified the +8 mace of Cokh {vamp, +Blink Fly rN+}
  2259 | D:3      | Found a glowing golden altar of the Shining One.
  2261 | D:3      | Found a radiant altar of Vehumet.
  2264 | D:3      | Found a shimmering altar of Xom.
  2642 | D:4      | Noticed a +0 falchion
  2642 | D:4      | Noticed a +0 spear
  2642 | D:4      | Noticed a +0 dagger
  2642 | D:4      | Noticed a +0 dagger
  2643 | D:4      | Noticed a +0 short sword
  2643 | D:4      | Noticed a +0 spear
  2645 | D:4      | Noticed a +0 short sword
  2645 | D:4      | Noticed a +0 falchion
  2646 | D:4      | Found a hide-covered altar of Uskayaw.
  2647 | D:4      | Noticed a scorpion
  2658 | D:4      | Killed a scorpion
  2659 | D:4      | Reached skill level 4 in Shapeshifting
  2659 | D:4      | Reached XP level 5. HP: 13/35 MP: 5/5
  2902 | D:4      | Reached skill level 1 in Evocations
  2921 | D:4      | Reached XP level 6. HP: 24/41 MP: 6/6
  3236 | D:4      | Found a sacrificial altar of Ru.
  3396 | D:4      | Found a sparkling altar of Nemelex Xobeh.
  3469 | D:4      | Found Ucruboaw's Antique Weapon Boutique.
  3658 | D:5      | Entered Level 5 of the Dungeon
  4042 | D:5      | Noticed Duvessa
  4042 | D:5      | Noticed Dowan
  4056 | D:5      | Noticed an ice beast
  4068 | D:5      | Killed an ice beast
  4069 | D:5      | Reached skill level 5 in Shapeshifting
  4069 | D:5      | Reached XP level 7. HP: 7/46 MP: 7/7
  4287 | D:5      | Found a runed translucent gate.
  4287 | D:5      | Found a runed translucent gate.
  4287 | D:5      | Found a runed translucent gate.
  4288 | D:5      | Noticed cforsyth's ghost (novice CoGl)
  4338 | D:5      | Found a staircase to the Ecumenical Temple.
  4390 | Temple   | Entered the Ecumenical Temple
  4405 | Temple   | Became a worshipper of Gozag Ym Sagoz the Greedy
  4536 | D:5      | Killed Duvessa
  4542 | D:5      | Killed Dowan
  4712 | D:5      | Noticed Grinder
  4725 | D:5      | Killed Grinder
  4726 | D:5      | Reached skill level 5 in Unarmed Combat
  4726 | D:5      | Reached skill level 6 in Shapeshifting
  4726 | D:5      | Reached XP level 8. HP: 33/54 MP: 8/8
  5625 | D:6      | Found a broken altar of Ashenzari.
  5628 | D:6      | Found a snail-covered altar of Cheibriados.
  5689 | D:6      | HP: 2/54 [something (5)]
  5689 | D:6      | Slain by a sky beast

Illustrated notes

Levels and vault maps discovered:
D:1:      lemuel_arrival_lava_pool, layout_basic, grunt_decor_cap,
          patterned_corridor
D:2:      minmay_skewed_foursquare, layout_basic, guppyfry_early_lair_pool,
          uniq_terence
D:3:      layout_basic, grunt_temple_overflow_diamond, serial_bayou,
          serial_bayou_pond_a, serial_bayou_pond_c, serial_bayou_crossing,
          serial_bayou_lagoon_a, nrook_loot_triangle,
          hangedman_abyss_or_decor_stabs, kennysheep_small_spiral
D:4:      layout_basic, general_overflow_altar, hangedman_ru_absence,
          nicolae_uskayaw_en_pointe, serial_shops, nicolae_shop_statue_plus
D:5:      layout_basic, minmay_temple_entry_crystal_x,
          gammafunk_ghost_nasty_kobolds, uniq_grinder, uniq_duvessa
D:6:      layout_loops_cross, amethyst_overflow_temple_binary,
          nicolae_yredelemnul_corpse_copse
Temple:   jpeg_temple_clearing

Skill      XL: |  1  2  3  4  5  6  7  8 |
---------------+-------------------------+-----
Stealth        | 1 2 3 4 |  4.2
Fighting       | 2 3 4 |  4.6
Shapeshifting  | 4 5 6 |  6.8
Dodging        | 3 4 |  4.9
Evocations     | 1 2 3 |  3.0
Unarmed Combat | 4 5 |  5.5

Action                     |  1- 3 |  4- 6 |  7- 9 || total
---------------------------+-------+-------+-------++-------
  Melee: Unarmed           |    49 |   104 |    77 ||   230
         Constrict         |    12 |    25 |    12 ||    49
         Tentacles         |     8 |    24 |    15 ||    47
         Punch             |       |     5 |     5 ||    10
  Evoke: Wand              |       |       |     3 ||     3
    Use: Scroll            |     6 |     6 |     2 ||    14
         Potion            |       |     1 |     4 ||     5
   Stab: Sleeping          |     3 |    10 |     5 ||    18
         Invisible         |       |       |     1 ||     1
         Distracted        |       |       |     1 ||     1
 Armour: Skin              |    30 |    38 |    42 ||   110
  Dodge: Dodged            |    21 |    45 |    58 ||   124

Table legend: (Time is in decaauts)
 A = Elapsed time spent in this place.
 B = Non-inter-level travel time spent in this place.
 C = Inter-level travel time spent in this place.
 D = Time resting spent in this place.
 E = Time spent auto-exploring this place.
 F = Levels seen in this place.
 G = Mean time per level.
                   A        B        C        D        E       F      G
               +--------+--------+--------+--------+--------+-----+--------+
         Total |   5670 |   5505 |    165 |    609 |   3932 |   7 |  810.0 |
       Dungeon |   5639 |   5488 |    151 |    609 |   3932 |   6 |  939.8 |
        Temple |     30 |     16 |     14 |      0 |      0 |   1 |   30.0 |
               +--------+--------+--------+--------+--------+-----+--------+

Top non-repeatable levels by time:
     D:5: 1750 daAuts
     D:4: 1037 daAuts
     D:3: 998 daAuts
     D:2: 818 daAuts
     D:1: 794 daAuts
     D:6: 240 daAuts
  Temple: 30 daAuts
